 Dungeon Crawl Stone Soup version 0.31.0-12-g77e489cdc1 (webtiles) character file.

Game seed: 15823825404248052359

14 Gadfly the Sneak (level 2, -2/14 HPs)
             Began as a Spriggan Enchanter on Feb 16, 2024.
             Slain by a kobold
             ... wielding a +0 club
              (4 damage)
             ... on level 1 of the Dungeon.
             The game lasted 00:00:36 (346 turns).

Gadfly the Sneak (Spriggan Enchanter)                Turns: 346, Time: 00:00:37

Health: -2/14      AC:  2    Str:  4    XL:     2   Next: 31%
Magic:  1/7        EV: 17    Int: 16    God:
Gold:   9          SH:  0    Dex: 15    Spells: 5/7 levels left

rFire   . . .        a - +1 dagger
rCold   . . .        (no shield)
rNeg    . . .        b - +0 robe
rPois   .            (helmet restricted)
rElec   .            (no cloak)
rCorr   .            (gloves unavailable)
SInv    +            (boots unavailable)
Will    .....        (no amulet)
Stlth   +++          (no ring)
HPRegen 0.22/turn    (no ring)
MPRegen 0.10/turn

%: no passive effects
@: very quick
A: very small, no large weapons, unfitting armour, see invisible, speed 3
a: no special abilities


You were on level 1 of the Dungeon.
You visited 1 branch of the dungeon, and saw 1 of its levels.

You collected 9 gold pieces.

Inventory:

Hand Weapons
 a - a +1 dagger (weapon)
Armour
 b - a +0 robe (worn)
Potions
 c - 2 potions of invisibility
 d - a potion of lignification {unknown}


   Skills:
 + Level 0.3 Fighting
 + Level 1.4 Short Blades
 + Level 2.9 Dodging
 + Level 4.5 Stealth
 + Level 3.0 Spellcasting
 + Level 3.7 Hexes
 + Level 0.6 Evocations


You had 5 spell levels left.
You knew the following spells:

 Your Spells              Type           Power      Damage    Failure   Level
a - Ensorcelled Hibernat  Hex/Ice        16%        N/A       13%         2

Your spell library contained the following spells:

 Spells                   Type           Power      Damage    Failure   Level
 Confusing Touch          Hex            14%        N/A       12%         3
 Tukima's Dance           Hex            14%        N/A       12%         3
 Dazzling Flash           Conj/Hex       16%        N/A       26%         3
 Lesser Beckoning         Tloc           4%         N/A       28%         2
 Gell's Gravitas          Tloc           2%         N/A       50%         3
 Teleport Other           Tloc           2%         N/A       50%         3


Dungeon Overview and Level Annotations

Branches:
Dungeon (1/15)

Altars:


Innate Abilities, Weirdness & Mutations

You are very small and have problems with some larger weapons.
You are too small for most types of armour.
You have supernaturally acute eyesight. (SInv)
You cover ground extremely quickly. (Speed+++)


Message History

You miscast Ensorcelled Hibernation.
You are very lightly contaminated with residual magic.
Nothing appears to happen.
The kobold closely misses you.
You hit the dart slug but do no damage. The dart slug launches a dart at you.
The slug dart misses you. The rat bites you.
The kobold hits you with a +0 club.
You hit the dart slug.
The dart slug is moderately wounded.
The dart slug barely misses you.
You hit the dart slug but do no damage.
The dart slug is moderately wounded.
The kobold misses you. The rat completely misses you.
The dart slug looks drowsy...
The kobold hits you but does no damage. The rat misses you.
The helpless dart slug fails to defend itself.
You impale the dart slug!!
You kill the dart slug!
The kobold closely misses you. The rat bites you.
Your Spellcasting skill increases to level 3!
You are too injured to fight recklessly!
You are too injured to fight recklessly!
The rat barely misses you.
There is an open door here.
Casting: Ensorcelled Hibernation (safe; 13% risk of failure)
Confirm with . or Enter, or press ? or * to list all spells.
Aiming: Ensorcelled Hibernation (safe; 13% risk of failure)
Press: ? - help, Shift-Dir - straight line, f - kobold
Aim: a kobold, wielding a +0 club (chance to affect: 59%)
The kobold resists with significant effort.
The kobold hits you with a +0 club.
Your magical contamination has completely faded away.
You closely miss the kobold. The kobold misses you.
You barely miss the kobold. The kobold closely misses you.
You barely miss the kobold. The kobold hits you with a +0 club.
* * * LOW HITPOINT WARNING * * *
You hit the kobold.
The kobold is severely wounded.
The kobold hits you with a +0 club.
You die...

#.......##.#####.. ##
#.......##.....#.. .. ..
#.......######.#.. ... #.
#.........#.......
....#.####.#####.#.#.##.#..
...#....# . #.#.#.#.....
........# #.#.#.#.#.#...
#....#####.#.....#.#...
#...rK@..#.###.###.#...
#....#.........# #.#...
#.†..#.#.#...### #.##+#
#....#.#.###.# #
###....#.....# #
######.##### ###


You could see a kobold and a rat.

Vanquished Creatures
  A dart slug (D:1)
  2 ball pythons (D:1)
  An endoplasm (D:1)
  A giant cockroach (D:1)
  2 hobgoblins (D:1)
  2 kobolds (D:1)
  A quokka (D:1)
  A rat (D:1)
11 creatures vanquished.

Notes
Turn   | Place    | Note
-------+----------+-------------------------------------------
     0 | D:1      | Gadfly the Spriggan Enchanter began the quest for the Orb.
     0 | D:1      | Reached XP level 1. HP: 9/9 MP: 5/5
   177 | D:1      | Reached XP level 2. HP: 12/13 MP: 6/6
   180 | D:1      | Learned a level 2 spell: Ensorcelled Hibernation
   346 | D:1      | Slain by a kobold

Illustrated notes

Levels and vault maps discovered:
D:1:      dpeg_arrival_water_altar, layout_basic

Skill      XL: |  1  2 |
---------------+-------+-----
Spellcasting   | 3 |  3.0
Fighting       | |  0.3
Short Blades   | |  1.4
Dodging        | |  2.9
Stealth        | |  4.5
Hexes          | |  3.7
Evocations     | |  0.6

Action                     || total
---------------------------++-------
  Melee: Dagger            ||    43
   Cast: Ensorcelled Hiber ||     4
   Stab: Sleeping          ||     5
 Armour: Robe              ||    16
  Dodge: Dodged            ||    35
